 Dungeon Crawl Stone Soup version 0.21.1-1-g345015fe64 (webtiles) character file.

2891 Oravi the Slicer (level 10, -1/61 HPs)
             Began as a Halfling Fighter on Apr 11, 2018.
             Was a Priest of Okawaru.
             Slain by a two-headed ogre
             ... wielding a +0 giant spiked club
              (20 damage)
             ... on level 8 of the Dungeon.
             The game lasted 00:52:46 (9933 turns).

Oravi the Slicer (Halfling Fighter)                 Turns: 9933, Time: 00:52:46

Health: -1/61      AC: 11    Str: 17      XL:     10   Next: 5%
Magic:  10/10      EV: 13    Int: 11      God:    Okawaru [***...]
Gold:   369        SH: 12    Dex: 17 (18) Spells: 9/9 levels left

rFire    . . .     SeeInvis .   a - +1 rapier
rCold    . . .     Gourm    .   c - +1 shield
rNeg     . . .     Faith    .   r - +3 leather armour
rPois    .         Spirit   .   h - +1 helmet
rElec    .         Reflect  .   (no cloak)
rCorr    .         Harm     .   m - +0 pair of gloves
MR       .....                  d - +0 pair of boots
Stlth    +.........             e - amulet of rage
HPRegen  0.20/turn              q - +5 ring of intelligence
MPRegen  0.12/turn              (no ring)

@: about to teleport
A: small, deterioration 1, mutation resistance 1, MP-powered wands
a: Heroism, Renounce Religion, Evoke Berserk Rage


You were on level 8 of the Dungeon.
You worshipped Okawaru.
Okawaru was most pleased with you.
You were hungry.

You visited 2 branches of the dungeon, and saw 9 of its levels.
You also visited: Sewer.

You collected 369 gold pieces.

Inventory:

Hand Weapons
 a - a +1 rapier (weapon)
 b - a +0 hunting sling
 A - the +3 short sword "Duch" {pierce, *Contam rF+ rC++ MP+9 SInv}
   (You found it on level 5 of the Dungeon)

   It inflicts extra damage upon your enemies.
   It protects you from fire.
   It greatly protects you from cold.
   It affects your magic capacity (+9).
   It lets you see invisible.
   It causes magical contamination when unequipped.
 C - a +2 dagger of electrocution
 F - a cursed -3 dagger
Missiles
 i - 102 stones (quivered)
 o - 18 sling bullets
Armour
 c - a +1 shield (worn)
 d - a +0 pair of boots (worn)
 h - a +1 helmet (worn)
 m - a +0 pair of gloves (worn)
 p - a +0 scale mail
 r - a +3 leather armour (worn)
Jewellery
 e - an amulet of rage (around neck)
 l - an uncursed amulet of the gourmand
 q - a +5 ring of intelligence (left hand)
Wands
 j - a wand of flame (17)
 y - a wand of paralysis (7)
 z - a wand of digging (14)
 B - a wand of polymorph (8)
 D - a wand of enslavement (8)
Scrolls
 g - 2 scrolls of enchant armour
 n - a scroll of blinking
 s - a scroll of magic mapping
 t - a scroll of fear
 w - 5 scrolls of teleportation
 x - a scroll of remove curse
Potions
 k - a potion of cancellation
 u - a potion of flight
 E - 2 potions of might
Comestibles
 f - 7 rations


   Skills:
 - Level 2.6 Fighting
 * Level 10.8 Short Blades
 + Level 10.1 Slings
 + Level 5.4 Armour
 + Level 2.7 Dodging
 + Level 5.8 Shields


You had 9 spell levels left.
You didn't know any spells.

Dungeon Overview and Level Annotations

Branches:
Dungeon (8/15)             Temple (1/1) D:6
   Lair: D:8-11

Altars:
Ashenzari
Cheibriados
Dithmenos
Elyvilon
Fedhas
Gozag
Hepliaklqana
Kikubaaqudgha
Makhleb
Nemelex Xobeh
Okawaru
Qazlal
Ru
Sif Muna
Trog
Uskayaw
Vehumet
Wu Jian
Xom
Yredelemnul
Zin
The Shining One

Shops:
D:4 (


Innate Abilities, Weirdness & Mutations

You are small and have problems with some larger weapons.
You are somewhat resistant to further mutation.
Your body sometimes deteriorates upon taking damage.
You expend magic power (3 MP) to strengthen your wands.


Message History

Firing (i - inventory. (,) - cycle):
o - 19 sling bullets (quivered)
Press: ? - help, Shift-Dir - straight line, f/p - two-headed ogre
Aim: a two-headed ogre, wielding a giant spiked club and a giant club (heavily wounded)
You shoot a sling bullet.
The sling bullet hits the two-headed ogre.
The two-headed ogre is heavily wounded.
The two-headed ogre barely misses you.
The two-headed ogre hits you with a giant club!
a - a +1 rapier (weapon)
You hit the two-headed ogre.
The two-headed ogre is heavily wounded.
The two-headed ogre hits you with a giant spiked club!!
The two-headed ogre hits you with a giant club!
* * * LOW HITPOINT WARNING * * *
Your body deteriorates!
You feel clumsy.
Okay, then.
As you read the scroll of teleportation, it crumbles to dust.
You feel strangely unstable.
The two-headed ogre hits you with a giant spiked club!!
You die...

#.....≈≈≈≈≈....###
#.....≈≈≈≈≈.......
#.....≈≈≈≈≈.......>..
#......≈≈≈..........O.
####.......≈.......O..
###########..................
#..............#######.....#
#.####################.#..#
#.##..........@OO(((.(..#
#.##.##############.#..##
#.##.# #..#..# #.##.#
#.###.(.# #....# #.. .#.(#
###### #.. ## ..(# #..# #.(
#### .


You could see 2 two-headed ogres.

Vanquished Creatures
  A troll (D:6)
  2 hungry ghosts
  Duvessa (D:7)
  A phantom (D:7)
  An ice beast (D:8)
  An orc warrior (D:7)
  A wolf (D:8)
  2 centaurs (D:7)
  3 ogres
  3 bullfrogs (D:7)
  Blork the orc (D:4)
  Dowan (D:7)
  A scorpion (D:4)
  2 howler monkeys
  2 crimson imps (D:7)
  A bullfrog zombie (D:2)
  4 hounds
  An orc priest (D:7)
  A centaur zombie (D:6)
  2 jellies
  A bullfrog skeleton (D:6)
  A gnoll shaman (D:8)
  Jessica (D:2)
  An iguana (D:4)
  6 orc wizards
  2 worker ants (D:6)
  A bullfrog simulacrum (D:8)
  A hound zombie (D:7)
  A worker ant zombie (D:5)
  Robin (D:3)
  10 gnolls
  9 adders
  4 shadow imps
  A white imp (D:8)
  5 oozes
  2 adder skeletons (D:5)
  4 worms
  A dart slug (D:1)
  7 leopard geckos
  20 orcs
  7 giant cockroaches
  14 goblins
  8 hobgoblins
  12 jackals
  3 quokkas
  6 ball pythons
  3 bats
  4 frilled lizards (Sewer)
  A jackal skeleton (D:8)
  13 kobolds
  7 rats
  A plant (Sewer)
190 creatures vanquished.

Vanquished Creatures (others)
  A leopard gecko zombie (D:5)
  2 fungi (D:3)
  A plant (Sewer)
4 creatures vanquished.

Grand Total: 194 creatures vanquished

Notes
Turn   | Place    | Note
-------+----------+-------------------------------------------
     0 | D:1      | Oravi the Halfling Fighter began the quest for the Orb.
     0 | D:1      | Reached XP level 1. HP: 15/15 MP: 1/1
    22 | D:1      | Reached XP level 2. HP: 18/20 MP: 2/2
   109 | D:1      | Reached XP level 3. HP: 22/25 MP: 3/3
   609 | D:2      | Noticed Jessica
   612 | D:2      | Killed Jessica
   612 | D:2      | Reached skill level 5 in Short Blades
   612 | D:2      | Reached XP level 4. HP: 30/30 MP: 4/4
   932 | D:2      | Reached XP level 5. HP: 26/35 MP: 5/5
  2151 | D:3      | Noticed a hungry ghost
  2184 | D:3      | Killed a hungry ghost
  2184 | D:3      | Reached XP level 6. HP: 35/41 MP: 6/6
  2327 | D:3      | Found a blossoming altar of Fedhas.
  2330 | D:3      | Found a stormy altar of Qazlal.
  2684 | D:3      | Reached XP level 7. HP: 29/45 MP: 7/7
  2713 | D:3      | Reached skill level 1 in Slings
  2724 | D:3      | Noticed Robin
  2730 | D:3      | Killed Robin
  3058 | D:4      | Found Oskum's Antique Weapon Shop.
  3163 | D:4      | Noticed Blork the orc
  3201 | D:4      | Killed Blork the orc
  3439 | D:4      | Found a glowing drain.
  3491 | Sewer    | Entered a sewer
  4393 | D:4      | Found an iron altar of Okawaru.
  4393 | D:4      | Found a basalt altar of Yredelemnul.
  4394 | D:4      | Found a hide-covered altar of Uskayaw.
  4397 | D:4      | Became a worshipper of Warmaster Okawaru
  4414 | D:4      | Reached skill level 1 in Dodging
  4478 | D:4      | Found a shimmering altar of Xom.
  4540 | D:4      | Found a shimmering altar of Xom.
  4541 | D:4      | Found a hazy altar of Hepliaklqana.
  4542 | D:4      | Noticed a spectral ugly thing
  4690 | D:3      | Reached XP level 8. HP: 43/51 MP: 8/8
  4783 | D:4      | Found a shadowy altar of Dithmenos.
  4826 | D:4      | Reached skill level 5 in Slings
  5215 | D:5      | Entered Level 5 of the Dungeon
  5375 | D:5      | Reached * piety under Okawaru
  5387 | D:5      | Gained mutation: Your flesh is heat resistant. (rF+) [potion of mutation]
  5388 | D:5      | Lost mutation: Your flesh is heat resistant. (rF+) [potion of mutation]
  5491 | D:5      | Got a fine short sword
  5492 | D:5      | Identified the +3 short sword "Duch" {pierce, *Contam rF+ rC++ MP+9 SInv} (You found it on level 5 of the Dungeon)
  5516 | D:5      | Gained mutation: You expend magic power (3 MP) to strengthen your wands. [mutagenic glow]
  5608 | D:5      | Gained mutation: Your body sometimes deteriorates upon taking damage. [mutagenic glow]
  5938 | D:5      | Found a glowing golden altar of the Shining One.
  6893 | D:6      | Found a staircase to the Ecumenical Temple.
  6899 | Temple   | Entered the Ecumenical Temple
  7158 | D:7      | Noticed a troll
  7323 | D:7      | Noticed Duvessa
  7324 | D:7      | Noticed Dowan
  7341 | D:7      | Killed Duvessa
  7358 | D:7      | Killed Dowan
  7684 | D:6      | Killed a troll
  7684 | D:6      | Reached XP level 9. HP: 22/55 MP: 9/9
  7935 | D:7      | Reached skill level 10 in Short Blades
  7947 | D:7      | Reached skill level 5 in Shields
  7981 | D:7      | Reached ** piety under Okawaru
  8155 | D:7      | Reached skill level 5 in Armour
  9750 | D:8      | Reached XP level 10. HP: 61/61 MP: 10/10
  9796 | D:8      | Reached *** piety under Okawaru
  9796 | D:8      | Reached skill level 10 in Slings
  9912 | D:8      | Noticed a two-headed ogre
  9914 | D:8      | Noticed a two-headed ogre
  9933 | D:8      | Slain by a two-headed ogre

Skill      XL: |  1  2  3  4  5  6  7  8  9 10 |
---------------+-------------------------------+-----
Short Blades   | 3 4 5 6 7 8 9 10 | 10.8
Slings         | 4 7 9 10 | 10.1
Dodging        | 1 2 |  2.7
Shields        | 4 5 |  5.8
Armour         | 4 5 |  5.4
Fighting       | |  2.6

Action                   |  1- 3 |  4- 6 |  7- 9 | 10-12 || total
-------------------------+-------+-------+-------+-------++-------
Melee: Rapier            |    57 |   151 |   410 |     7 ||   625
       Short sword       |       |       |     5 |       ||     5
       Dagger            |       |       |     8 |       ||     8
 Fire: Hunting sling     |       |    42 |   475 |    37 ||   554
  Use: Scroll            |     3 |     5 |    12 |     1 ||    21
       Potion            |     1 |     2 |    12 |       ||    15
  Eat: Chunk             |       |     3 |    20 |     1 ||    24
       Ration            |       |     3 |     1 |       ||     4
Armor: Scale mail        |    13 |    38 |   158 |       ||   209
       Skin              |       |     1 |       |       ||     1
       Leather armour    |       |       |       |     2 ||     2
Dodge: Dodged            |     9 |    30 |   151 |     4 ||   194
Block: Shield            |    31 |    70 |   280 |     1 ||   382
